 Dungeon Crawl Stone Soup version 0.30-a0-322-g102857c98e (webtiles) character file.

Game seed: 10619499001820451540

95527 hikkokomori the Skirmisher (level 15, -3/126 HPs)
             Began as a Demigod Summoner on Oct 27, 2022.
             Killed from afar by an ironbound frostheart (30 damage)
             ... by creeping frost
             ... in an ice cave.
             The game lasted 02:06:40 (26178 turns).

hikkokomori the Skirmisher (Demigod Summoner)      Turns: 26178, Time: 02:06:41

Health: -3/126     AC: 20    Str:  9    XL:     15   Next: 23%
Magic:  14/27      EV: 21    Int: 24    God:
Gold:   134        SH:  5    Dex: 30    Spells: 4/24 levels left

rFire   . . .      SeeInvis .    c - +9 arbalest (elec)
rCold   + . .      Faith    .    (shield currently unavailable)
rNeg    . . .      Spirit   .    r - +6 acid dragon scales
rPois   .          Reflect  +    N - +2 helmet {Int+3}
rElec   .          Harm     .    (no cloak)
rCorr   +          Rampage  .    (no gloves)
Will    +....                    m - +2 pair of boots {Stlth+}
Stlth   +++++.....               J - amulet of reflection
HPRegen 0.41/turn                h - +4 ring of slaying
MPRegen 0.20/turn                u - ring of protection from cold

@: about to teleport, frozen, very slightly contaminated, hasted, quick
A: high MP 1, forlorn, divine attributes, mutation resistance 1
a: no special abilities


You were in an ice cave.
You visited 4 branches of the dungeon, and saw 22 of its levels.
You also visited: Ossuary and Ice Cave.

You collected 1659 gold pieces.
You spent 1525 gold pieces at shops.

Inventory:

Hand Weapons
 c - a +9 arbalest of electrocution (weapon)
 v - the +6 sling of the Burning Gods {freeze, rF- rC+ Str+6}
   (You found it on level 3 of the Dungeon)

   Any ammunition fired from it freezes those it strikes, dealing additional
   cold damage.
   It can also slow down cold-blooded creatures.
   Str:       It affects your strength (+6).
   rF:        It makes you vulnerable to fire.
   rC:        It protects you from cold.
 L - the +3 shortbow of a Thousand Tusks {antimagic, rElec Str+3, NIKOLA'S DOOM}
   (You found it on level 7 of the Dungeon)

   It reduces the magical energy of the wielder, and disrupts the spells and
   magical abilities of those it strikes.
   Natural abilities and divine invocations are not affected.
   Str:       It affects your strength (+3).
   rElec:     It insulates you from electricity.
 V - a +4 great sword of holy wrath
Missiles
 R - 6 curare-tipped darts
 Z - 5 throwing nets
Armour
 m - a +2 pair of boots of stealth (worn)
 r - +6 acid dragon scales (worn)
 N - a +2 helmet of intelligence (worn)
Jewellery
 d - a ring of magical power
 h - a +4 ring of slaying (left hand)
 k - a +6 ring of dexterity
 u - a ring of protection from cold (right hand)
 x - a ring of positive energy
 y - a +6 ring of intelligence
 E - a ring of flight
 G - an amulet of the acrobat
 J - an amulet of reflection (around neck)
 M - a ring of protection from fire
 P - a +6 ring of strength
Wands
 n - a wand of digging (1)
 z - a wand of roots (9)
 O - a wand of flame (38)
 Q - a wand of paralysis (22)
 W - a wand of polymorph (11)
Scrolls
 g - 7 scrolls of amnesia
 i - 5 scrolls of identify
 j - 3 scrolls of silence
 s - 5 scrolls of vulnerability
 w - 9 scrolls of teleportation
 A - 3 scrolls of poison
 D - 2 scrolls of immolation
 F - a scroll of enchant armour
 H - 4 scrolls of fog
 I - 2 scrolls of fear
Potions
 b - a potion of magic
 e - 2 potions of flight
 f - 8 potions of lignification
 l - 3 potions of might
 o - 2 potions of berserk rage
 q - 4 potions of heal wounds
 t - 10 potions of curing
 C - 6 potions of mutation
 K - 5 potions of resistance
 S - a potion of invisibility {unknown}
 T - a potion of cancellation
 U - 5 potions of ambrosia
 X - 4 potions of brilliance
Miscellaneous
 a - a condenser vane (inert)
 Y - a phantom mirror


   Skills:
 - Level 9.7 Fighting
 + Level 12.8 Ranged Weapons
 + Level 7.0 Armour
 - Level 10.3 Dodging
 + Level 7.1 Stealth
 - Level 5.2 Spellcasting
 - Level 4.1 Hexes
 + Level 11.5 Summonings
 + Level 7.4 Translocations
 - Level 6.2 Air Magic


You had 4 spell levels left.
You knew the following spells:

 Your Spells              Type           Power      Damage    Failure   Level
a - Summon Small Mammal   Summ           100%       N/A       1%          1
b - Call Imp              Summ           58%        N/A       1%          2
c - Call Canine Familiar  Summ           58%        N/A       1%          3
d - Summon Lightning Spi  Summ/Air       49%        N/A       3%          4
e - Summon Guardian Gole  Hex/Summ       44%        N/A       1%          3
f - Portal Projectile     Hex/Tloc       68%        N/A       3%          3
g - Airstrike             Air            18%        2d(3-19)  11%         4

Your spell library contained the following spells:

 Spells                   Type           Power      Damage    Failure   Level
 Blink                    Tloc           84%        N/A       1%          2
 Lesser Beckoning         Tloc           84%        N/A       1%          3
 Vhi's Electric Charge    Tloc/Air       78%        N/A       2%          3
 Momentum Strike          Conj/Tloc      48%        3d9       4%          2
 Static Discharge         Conj/Air       42%        2-4/arc   5%          2
 Kindle Blastsparks       Fire/Tloc/Air  56%        2d14      6%          3
 Ensorcelled Hibernation  Hex/Ice        32%        N/A       9%          2
 Sting                    Tmut/Pois      24%        1d4       14%         1
 Dazzling Flash           Conj/Hex       32%        N/A       17%         3
 Iskenderun's Mystic Bla  Conj/Tloc      24%        2d7       28%         4
 Ozocubu's Armour         Ice            6%         N/A       38%         3
 Spider Form              Tmut/Pois      6%         N/A       38%         3
 Anguish                  Hex/Necr       8%         N/A       50%         4
 Fulminant Prism          Conj/Hex       8%         3d7       50%         4
 Leda's Liquefaction      Hex/Erth       8%         N/A       50%         4
 Animate Dead             Necr           6%         N/A       80%         4
 Silence                  Hex/Air        15%        N/A       41%         5
 Arcjolt                  Conj/Air       10%        1d20      71%         5
 Lightning Bolt           Conj/Air       10%        1d23      71%         5
 Yara's Violent Unravell  Hex/Tmut       8%         3d5       85%         5
 Malign Gateway           Summ/Tloc      25%        N/A       93%         7
 Agony                    Necr           6%         N/A       98%         5
 Borgnjor's Vile Clutch   Necr/Erth      3%         N/A       98%         5
 Lee's Rapid Deconstruct  Erth           3%         3d5*      98%         5
 Conjure Ball Lightning   Conj/Air       10%        3x3d6     99%         6
 Death Channel            Necr           3%         N/A       100%        6
 Enfeeble                 Hex            13%        N/A       100%        7
 Ozocubu's Refrigeration  Ice            3%         4d8       100%        7
 Discord                  Hex            13%        N/A       100%        8
 Disjunction              Tloc           21%        N/A       100%        8
 Summon Horrible Things   Summ           29%        N/A       100%        8
 Chain Lightning          Conj/Air       10%        3d14      100%        9
 Fire Storm               Conj/Fire      3%         8d1       100%        9
 Shatter                  Erth           3%         3d7*      100%        9


Dungeon Overview and Level Annotations

Branches:
Dungeon (15/15)            Temple (1/1) D:6            Lair (5/5) D:10
  Swamp (0/4) Lair:2       Spider (1/4) Lair:3        Slime (0/5) Lair:4
 Depths (0/4) D:15        Ossuary (visited)           IceCv (1/1)
    Orc: D:9-12      Vaults: D:13-14

Shops:
D:3 ?   D:5 ?([*   D:10 ?   D:11 [

Annotations:
D:13 3 runed translucent doors, Taurus's ghost, adept MiFi
Lair:5 3 runed translucent doors, Palms's ghost, journeyman MfIE
Spider:1 Roxanne


Innate Abilities, Weirdness & Mutations

You have an increased reservoir of magic. (+10% MP)
You shall have no god before yourself.
Your divine heritage dramatically boosts your attributes as you level up.
You are somewhat resistant to further mutation.


Message History

Unknown command.
Unknown command.
Unknown command.
Unknown command.
Press: ? - help, v - describe, . - travel An ice covered rock wall.
Casting: Summon Lightning Spire (mildly dangerous; 3% risk of failure)
Confirm with . or Enter, or press ? or * to list all spells.
A guardian golem appears, shielding your allies.
The white ugly thing closely misses you.
Unknown command.
You swap places.
Something gores your guardian golem! Something freezes your guardian golem!
Your guardian golem resists.
Unknown command.
Unknown command.
The ironbound frostheart touches your guardian golem!
The ironbound frostheart freezes your guardian golem!
Your guardian golem resists.
Your guardian golem is destroyed!
Your guardian golem disappears in a puff of smoke!
Unknown command.
Casting: Summon Guardian Golem (safe; 1% risk of failure)
Confirm with . or Enter, or press ? or * to list all spells.
You miscast Summon Guardian Golem.
You are very lightly contaminated with residual magic.
Nothing appears to happen.
The ironbound frostheart calls freezing cold from the walls.
The frost grips you!! You partially resist.
* * * LOW HITPOINT WARNING * * *
You are encased in ice.
Welcome back, hikkokomori the Demigod Summoner.
Press ? for a list of commands and other information.
As you read the scroll of teleportation, it crumbles to dust.
You feel strangely unstable.
Unknown command.
Unknown command.
The ironbound frostheart calls freezing cold from the walls.
The frost grips you!! You partially resist.
You die...

##p.## #.÷## ##.#.#
##÷.## #.#.## ##÷.#
#pp## ####..##
##..# ##.#....#
#u## ##........
#..# ##.........
##.###
###........#.
#.@.###.......###..
###.......##### #..
#...##### #....
###.# #..... ###
#....... ##...[##
###.. ##. ##


You could see a white ugly thing and 2 ironbound frosthearts.

Vanquished Creatures
  A ghost moth (Spider:1)
  The ghost of Turueres the Severer, a journeyman KoFi of Qazlal (D:11)
  A minotaur (D:11)
  An entropy weaver (Spider:1)
  4 hydras
  3 catoblepae (Lair:5)
  A centaur warrior (D:13)
  An ironbound frostheart (IceCv)
  14 death yaks
  A sun demon (D:10)
  Sonja (D:13)
  2 orb spiders (Spider:1)
  A steelbarb worm (Spider:1)
  An orange crystal statue (IceCv)
  A deep elf pyromancer (D:11)
  A lindwurm (Lair:5)
  4 wolf spiders (Spider:1)
  The ghost of Lennethare the Grave Robber, a novice DrNe (D:5)
  A moth of wrath (Spider:1)
  2 cyclopes (D:13)
  3 manticores
  4 ugly things
  12 elephants
  2 rust devils (D:10)
  2 black mambas
  A smoke demon (D:10)
  A torpor snail (Lair:5)
  5 komodo dragons
  16 cane toads
  8 rime drakes
  A kobold demonologist (D:11)
  6 yaktaurs (D:11)
  A demonic crawler (Spider:1)
  2 red devils (D:10)
  A troll (D:11)
  9 tarantellas (Spider:1)
  2 polar bears
  16 blink frogs
  9 dream sheep (Lair:5)
  6 jumping spiders (Spider:1)
  6 culicivoras (Spider:1)
  3 wyverns
  40 yaks
  A wraith (D:9)
  4 basilisks
  23 redbacks
  3 vampire mosquitoes (D:13)
  2 chaos spawn (D:10)
  3 swamp worms (D:7)
  10 water moccasins
  An acid dragon (D:11)
  A black bear (Lair:1)
  6 wolves (Lair:1)
  8 centaurs
  6 kobold brigands
  11 bullfrogs
  An elf skeleton (D:5)
  A scorpion (D:5)
  2 necrophages
  A wight (D:7)
  9 killer bees (D:9)
  A nameless horror (Lair:5)
  4 electric eels
  3 howler monkeys
  5 jellies
  2 quasits (D:10)
  5 orc priests
  2 human skeletons (D:5)
  Natasha (thrice) (D:3)
  3 orc wizards
  4 mummies (Ossuary)
  5 gnolls
  A river rat (D:5)
  An adder (D:6)
  A shadow imp (D:6)
  3 white imps
  An ufetubus (D:5)
  3 worms (D:7)
  4 dart slugs (D:1)
  45 orcs
  6 ball pythons
  4 endoplasms
  6 giant cockroaches
  11 goblins
  11 hobgoblins
  2 jackals
  24 kobolds
  2 quokkas
  3 bats
  A frilled lizard (D:3)
  2 hobgoblin zombies (Ossuary)
  A kobold zombie (Ossuary)
  An orc skeleton (D:5)
  4 orc zombies
  6 rats
472 creatures vanquished.

Vanquished Creatures (collateral kills)
  A minotaur (D:11)
  2 entropy weavers (Spider:1)
  Harold (Lair:1)
  2 ice dragons
  An ironbound frostheart (IceCv)
  A boulder beetle (D:11)
  2 catoblepae
  A radroach (Spider:1)
  6 death yaks
  A two-headed ogre (D:11)
  Pikel (D:4)
  A wolf spider (Spider:1)
  An ugly thing (D:11)
  2 elephants
  A rust devil (D:10)
  A rime drake (IceCv)
  An unseen horror (D:10)
  A komodo dragon (Lair:1)
  A hellwing (D:10)
  A kobold demonologist (D:11)
  3 yaktaurs (D:11)
  A red devil (D:10)
  A troll (D:11)
  5 blink frogs
  A wraith (D:11)
  19 yaks
  A vampire (D:9)
  A basilisk (Lair:2)
  2 redbacks (Spider:1)
  2 steam dragons
  Edmund (D:4)
  2 water moccasins
  2 acid dragons
  An orc warrior (D:11)
  2 ice beasts (D:4)
  An ogre (D:6)
  2 centaurs
  3 wolves (Lair:1)
  10 kobold brigands
  A bullfrog (Lair:1)
  6 killer bees (D:9)
  An orc priest (D:8)
  Terence (D:3)
  4 mummies (Ossuary)
  6 gnolls (D:11)
  2 adders (D:2)
  A worm (D:2)
  10 orcs
  2 endoplasms
  A goblin (D:6)
  A hobgoblin (D:6)
  5 jackals (D:1)
  9 kobolds
  A quokka (D:1)
  2 frilled lizards
  3 orc zombies (Ossuary)
145 creatures vanquished.

Vanquished Creatures (others)
  An entropy weaver (Spider:1)
  An ice dragon (IceCv)
  A death yak (D:11)
  2 sixfirhies (D:10)
  The ghost of CertainDeath the Cleaver, a novice HOMo of Elyvilon (D:6)
  A deep elf pyromancer (D:11)
  A cane toad (Lair:4)
  An ice devil (D:10)
  2 polar bears (IceCv)
  A queen bee (D:9)
  4 yaks
  A wyvern (D:10)
  3 kobold brigands (D:6)
  A bullfrog (D:9)
  3 wights (D:7)
  2 killer bees (D:9)
  A quasit (D:10)
  An orc wizard (D:11)
  An orc (D:10)
  A bush (Lair:2)
  19 demonic plants (D:10)
  18 fungi
  47 plants
114 creatures vanquished.

Grand Total: 731 creatures vanquished

Notes
Turn   | Place    | Note
-------+----------+-------------------------------------------
     0 | D:1      | hikkokomori the Demigod Summoner began the quest for the
                  | Orb.
     0 | D:1      | Reached XP level 1. HP: 14/14 MP: 5/5
   230 | D:1      | Reached XP level 2. HP: 11/20 MP: 5/7
   233 | D:1      | Learned a level 2 spell: Call Imp
   709 | D:1      | Reached XP level 3. HP: 26/26 MP: 8/8
  1694 | D:2      | Learned a level 3 spell: Call Canine Familiar
  1771 | D:3      | Reached XP level 4. HP: 33/33 MP: 10/10
  1821 | D:3      | Found Repauc's Magic Scroll Boutique.
  1823 | D:3      | Identified the +6 sling of the Burning Gods {freeze, rF-
                  | rC+ Str+6}
  1831 | D:3      | Bought a scroll of identify for 24 gold pieces
  1831 | D:3      | Bought a scroll of teleportation for 36 gold pieces
  1865 | D:3      | Noticed Natasha
  1867 | D:3      | Killed Natasha
  1890 | D:3      | Noticed Natasha
  1892 | D:3      | Killed Natasha
  1925 | D:3      | Reached skill level 1 in Ranged Weapons
  1962 | D:3      | Noticed Terence
  1970 | D:3      | Killed Terence
  1971 | D:3      | Reached skill level 5 in Summonings
  1971 | D:3      | Reached XP level 5. HP: 35/38 MP: 8/12
  2129 | D:3      | Noticed Natasha
  2135 | D:3      | Killed Natasha
  2404 | D:4      | Learned a level 4 spell: Summon Lightning Spire
  2447 | D:4      | Noticed Pikel
  2455 | D:4      | Killed Pikel
  2456 | D:4      | Reached skill level 3 in Ranged Weapons
  2456 | D:4      | Reached XP level 6. HP: 45/45 MP: 9/13
  2456 | D:4      | Reached XP level 7. HP: 50/50 MP: 10/15
  2590 | D:4      | Found a transporter.
  2650 | D:4      | Found a transporter.
  2658 | D:4      | Noticed Edmund
  2661 | D:4      | Noticed a steam dragon
  2664 | D:4      | Killed Edmund
  2668 | D:4      | Killed a steam dragon
  2669 | D:4      | Reached skill level 4 in Ranged Weapons
  2983 | D:5      | Entered Level 5 of the Dungeon
  2999 | D:5      | Found a runed translucent door.
  3004 | D:5      | Noticed Lennethare's ghost (novice DrNe)
  3036 | D:5      | Found Zedaoxen's Magic Scroll Emporium.
  3036 | D:5      | Found Dyecka Keaso's Armour Emporium.
  3037 | D:5      | Found Zirypp's Antique Weapon Emporium.
  3039 | D:5      | Found Dizxon's General Store.
  3118 | D:5      | Found a sand-covered staircase.
  3220 | Ossuary  | Entered an ossuary
  3258 | Ossuary  | Reached XP level 8. HP: 57/57 MP: 11/16
  3989 | D:5      | Bought a scroll of fear for 48 gold pieces
  3989 | D:5      | Bought a scroll of identify for 24 gold pieces
  3989 | D:5      | Bought a scroll of blinking for 90 gold pieces
  3989 | D:5      | Bought a scroll of enchant armour for 90 gold pieces
  3996 | D:5      | Bought a potion of curing for 36 gold pieces
  4056 | D:5      | Found a runed translucent door.
  4104 | D:4      | Reached skill level 5 in Ranged Weapons
  4284 | D:6      | Learned a level 3 spell: Summon Guardian Golem
  4663 | D:6      | Reached skill level 5 in Air Magic
  4741 | D:6      | Found a runed translucent gate.
  4743 | D:6      | Found a runed translucent gate.
  4746 | D:6      | Noticed CertainDeath's ghost (novice HOMo)
  4748 | D:6      | Found a runed translucent gate.
  4929 | D:6      | Found a staircase to the Ecumenical Temple.
  4949 | Temple   | Entered the Ecumenical Temple
  5418 | D:6      | Killed CertainDeath's ghost
  5419 | D:6      | Reached skill level 6 in Ranged Weapons
  5419 | D:6      | Reached XP level 9. HP: 43/62 MP: 6/17
  5705 | D:7      | Noticed a moth of wrath
  6014 | D:7      | HP: 1/63 [swamp worm (18)]
  6395 | D:7      | Reached skill level 1 in Fighting
  6395 | D:7      | Reached skill level 1 in Armour
  6957 | D:7      | Identified the +3 shortbow of a Thousand Tusks {antimagic,
                  | rElec Str+3}
  7072 | D:7      | Reached skill level 7 in Ranged Weapons
  7972 | D:8      | Reached XP level 10. HP: 74/74 MP: 18/18
  9476 | D:9      | Reached skill level 8 in Ranged Weapons
  9590 | D:10     | Entered Level 10 of the Dungeon
  9599 | D:10     | Found Woburiosh's Magic Scroll Shoppe.
  9606 | D:10     | Bought a scroll of identify for 22 gold pieces
  9622 | D:10     | Noticed a sixfirhy
  9651 | D:10     | Killed a sixfirhy
  9774 | D:10     | Reached XP level 11. HP: 85/85 MP: 15/19
  9819 | D:10     | Reached skill level 5 in Dodging
  9882 | D:10     | Noticed a sun demon
  9895 | D:10     | Killed a sun demon
  9904 | D:10     | HP: 3/85 [themself (39)]
 10032 | D:10     | Found a staircase to the Lair.
 10323 | D:10     | Reached skill level 5 in Fighting
 10416 | D:10     | Reached skill level 5 in Armour
 10676 | D:10     | Reached skill level 10 in Summonings
 11166 | D:10     | Noticed a sixfirhy
 11174 | D:10     | Killed a sixfirhy
 11260 | D:11     | Noticed a boulder beetle
 11270 | D:11     | Killed a boulder beetle
 11319 | D:11     | Noticed a two-headed ogre
 11324 | D:11     | Killed a two-headed ogre
 11325 | D:11     | Reached skill level 9 in Ranged Weapons
 11840 | D:11     | Reached XP level 12. HP: 67/96 MP: 13/20
 12417 | D:11     | Learned a level 3 spell: Portal Projectile
 12492 | D:11     | Noticed a minotaur
 12510 | D:11     | Killed a minotaur
 12819 | D:11     | Reached skill level 1 in Translocations
 12993 | D:11     | Found Piplim's Antique Armour Boutique.
 13041 | D:11     | Found a runed translucent gate.
 13042 | D:11     | Found a runed translucent gate.
 13042 | D:11     | Found a runed translucent gate.
 13044 | D:11     | Noticed a six-headed hydra
 13049 | D:11     | Noticed Turueres's ghost (journeyman KoFi)
 13242 | D:11     | Reached skill level 5 in Stealth
 13243 | D:11     | Noticed a minotaur
 13420 | D:11     | HP: 2/97 [minotaur (13)]
 13644 | D:11     | HP: 4/97 [minotaur/silver javelin (1)]
 13654 | D:11     | Killed a minotaur
 13655 | D:11     | Reached skill level 10 in Ranged Weapons
 13972 | Lair:1   | Entered Level 1 of the Lair of Beasts
 14269 | Lair:1   | Noticed Harold
 14281 | Lair:1   | Killed Harold
 15302 | Lair:2   | Got the Almanac of Variation
 15396 | Lair:2   | Reached XP level 13. HP: 105/105 MP: 21/21
 15434 | Lair:2   | Found a staircase to the Swamp.
 16250 | Lair:3   | Found a hole to the Spider Nest.
 17278 | Lair:4   | Reached skill level 5 in Translocations
 17359 | Lair:4   | Reached skill level 11 in Ranged Weapons
 17625 | Lair:4   | Found a staircase to the Slime Pits.
 18528 | Lair:5   | Entered Level 5 of the Lair of Beasts
 18629 | Lair:5   | Reached skill level 1 in Hexes
 18807 | Lair:5   | Reached XP level 14. HP: 118/118 MP: 21/24
 19506 | Lair:5   | Found a runed translucent gate.
 19506 | Lair:5   | Found a runed translucent gate.
 19506 | Lair:5   | Found a runed translucent gate.
 19506 | Lair:5   | Noticed Palms's ghost (journeyman MfIE)
 19532 | Lair:5   | Reached skill level 10 in Dodging
 19899 | Lair:5   | Reached skill level 12 in Ranged Weapons
 19953 | Lair:5   | Reached skill level 5 in Spellcasting
 20485 | D:10     | Upgraded the game from 0.30-a0-313-gae38170b09 to
                  | 0.30-a0-322-g102857c98e
 20731 | D:11     | Learned a level 7 spell: Malign Gateway
 20747 | D:11     | Learned a level 4 spell: Airstrike
 20747 | D:11     | Gained mutation: You are somewhat resistant to further
                  | mutation. [potion of mutation]
 20826 | D:11     | Killed Turueres's ghost
 21386 | D:3      | Bought a scroll of enchant armour for 90 gold pieces
 21386 | D:3      | Bought a scroll of fog for 48 gold pieces
 21386 | D:3      | Bought a scroll of poison for 48 gold pieces
 21386 | D:3      | Bought 2 scrolls of teleportation for 72 gold pieces
 21386 | D:3      | Bought a scroll of immolation for 48 gold pieces
 21469 | D:5      | Bought a scroll of enchant armour for 90 gold pieces
 21473 | D:5      | Bought a scroll of enchant weapon for 90 gold pieces
 21479 | D:5      | Bought a +1 helmet of intelligence for 214 gold pieces
 21533 | D:5      | Killed Lennethare's ghost
 21805 | D:10     | Bought a scroll of enchant armour for 82 gold pieces
 21805 | D:10     | Bought a scroll of fear for 44 gold pieces
 21805 | D:10     | Bought a scroll of blinking for 82 gold pieces
 21805 | D:10     | Bought 3 scrolls of enchant armour for 247 gold pieces
 22016 | Spider:1 | Entered Level 1 of the Spider Nest
 22245 | Spider:1 | Identified Roxanne's Guide on Shapes
 22245 | Spider:1 | Noticed Roxanne
 23058 | Spider:1 | Killed a ghost moth
 23980 | Spider:1 | Reached XP level 15. HP: 40/126 MP: 20/27
 24974 | D:13     | Noticed Taurus's ghost (adept MiFi)
 24977 | D:13     | Found a runed translucent gate.
 24978 | D:13     | Found a runed translucent gate.
 24978 | D:13     | Found a runed translucent gate.
 25228 | D:13     | Noticed Sonja
 25234 | D:13     | Killed Sonja
 25550 | D:14     | You fall into a shaft and drop 1 floor!
 25550 | D:15     | Entered Level 15 of the Dungeon
 25561 | D:15     | Found a frozen archway.
 25626 | IceCv    | Entered an ice cave
 26178 | IceCv    | Killed from afar by an ironbound frostheart

Illustrated notes

Levels and vault maps discovered:
D:1:      nzn_arrival_water_spiral, layout_basic, basic_ecumenical_altar,
          nrook_mini_backslash, minmay_tree_intersection, corexii_corridor_pit,
          hangedman_decor_opposing, nrook_campfire
D:2:      layout_rooms
D:3:      layout_loops_ring, zin_academy, mainiacjoe_overflow_boulevard,
          serial_shops, shop, hex_medium, uniq_natasha, uniq_terence
D:4:      gammafunk_cloud_chamber, layout_cave_pools, lemuel_crystal_altar,
          serial_column_ruins, column_ruins_pillar_6, column_ruins_pillar_1,
          column_ruins_pillar_7, column_ruins_pillar_8, column_ruins_pillar_4,
          column_ruins_pillar_1, column_ruins_pillar_2, column_ruins_pillar_3,
          column_ruins_pillar_1, column_ruins_pillar_6, column_ruins_pillar_12,
          uniq_pikel, uniq_edmund
D:5:      layout_loops_ring, grunt_qazlal_clouds,
          nicolae_ossuary_entry_catacombs, ebering_ghost_sewer_f,
          minmay_misc_feat_doors, minmay_shop_grid_forest, glass_columns_a
D:6:      corexii_shantytown, layout_basic, grunt_temple_overflow_cloverleaf,
          temple_fountains, gammafunk_ghost_nasty_kobolds
D:7:      layout_basic, tgw_trog, worms_lemuel
D:8:      layout_basic
D:9:      layout_roguey, mainiacjoe_overflow_brackets,
          mainiacjoe_overflow_swirl, nicolae_vehumet_altar_sigil, minivault_7
D:10:     layout_roguey [special_room_orc], serial_demonic, serial_demonic_a,
          serial_demonic_c, serial_demonic_b, serial_demonic_c,
          serial_demonic_e, serial_demonic_e, serial_demonic_b,
          serial_demonic_e, serial_demonic_g, serial_demonic_a, serial_shops,
          shop_fountains
D:11:     fort_yaktaur, layout_long_grid, serial_shops, nicolae_lakefront_shop,
          ebering_ghost_gozag, serial_bayou_pond_e, serial_bayou_pond_d,
          corexii_leaking_fountain, elyvilon_altar_5
D:12:     layout_roguey [special_room_orc], orc_david_3
D:13:     layout_irregular_city, gammafunk_ghost_split, uniq_sonja
D:14:     layout_roguey, david_vaults_5, nrook_mini_vaults, uniq_agnes
D:15:     grunt_enter_depths_hoard, layout_small_grid,
          portal_ice_cave_entry_dragon, minmay_strange_pillars
Temple:   hellmonk_temple_forest_ring
Lair:1:   layout_roguey, serial_bayou_shore_b, grunt_megastairs_2,
          infiniplex_staircase_pool, lemuel_fruit_tree, uniq_harold
Lair:2:   layout_hall_layers, swamp_mist_pool, serial_forest,
          infiniplex_forest_clump_curved, infiniplex_forest_end_3,
          infiniplex_forest_straight_3, infiniplex_forest_clump_double,
          infiniplex_forest_straight_1, infiniplex_forest_lined_corner,
          infiniplex_forest_pool, infiniplex_forest_end_2,
          infiniplex_forest_corner_1, infiniplex_forest_clump_small,
          serial_bayou_shore_a
Lair:3:   layout_roguey, spider_nest_entry_webs
Lair:4:   beast_lair_carwin_large_2, layout_loops_ring,
          nicolae_slime_entry_slimehenge, st_stairs_10, serial_bayou_shore_b
Lair:5:   hangedman_lair_in_review, layout_hall_layers,
          gammafunk_ghost_hydra_chop
Spider:1: layout_chambers, hangedman_spider_tarantella_strand, uniq_roxanne
IceCv:    ice_cave_small_giant

Skill      XL: |  1  2  3  4  5  6  7  8  9 10 11 12 13 14 15 |
---------------+----------------------------------------------+-----
Summonings     | 4 5 6 8 9 10 11 | 11.5
Spellcasting   | 2 3 4 5 |  5.2
Ranged Weapons | 1 3 4 6 7 8 9 10 11 12 | 12.8
Air Magic      | 2 3 5 6 |  6.2
Dodging        | 3 4 6 8 9 10 | 10.3
Fighting       | 2 4 6 7 9 |  9.7
Armour         | 2 4 5 6 7 |  7.0
Stealth        | 3 5 6 7 |  7.1
Translocations | 4 6 7 |  7.4
Hexes          | 2 4 |  4.1

Action                   |  1- 3 |  4- 6 |  7- 9 | 10-12 | 13-15 || total
-------------------------+-------+-------+-------+-------+-------++-------
Melee: Mace              |    22 |       |       |       |       ||    22
       Unarmed           |    11 |       |       |       |       ||    11
       Punch             |     1 |       |       |       |       ||     1
       Short sword       |   150 |       |       |       |       ||   150
 Fire: Sling             |       |    36 |   267 |   537 |    29 ||   869
       Arbalest          |       |       |       |    59 |   574 ||   633
 Cast: Summon Small Mamm |    22 |       |       |       |       ||    22
       Call Imp          |     5 |       |       |       |     1 ||     6
       Call Canine Famil |       |     1 |       |    12 |    10 ||    23
       Summon Lightning  |       |     1 |    15 |    57 |    58 ||   131
       Summon Guardian G |       |       |     7 |    33 |    21 ||    61
       Portal Projectile |       |       |       |       |     9 ||     9
Evoke: Wand              |       |       |       |       |     3 ||     3
       Condenser vane    |       |       |       |       |     2 ||     2
       Phantom mirror    |       |       |       |       |     1 ||     1
  Use: Scroll            |       |     2 |    12 |    21 |    21 ||    56
       Potion            |       |       |     3 |     6 |    12 ||    21
 Stab: Sleeping          |     4 |       |       |       |       ||     4
Armor: Robe              |    25 |       |    11 |       |       ||    36
       Acid dragon scale |       |       |    11 |    84 |    90 ||   185
       Pearl dragon scal |       |       |       |       |     2 ||     2
Dodge: Dodged            |    99 |     4 |    57 |   280 |   324 ||   764
Block: Other             |       |       |     6 |    92 |    67 ||   165
       Reflection        |       |       |     3 |    12 |       ||    15

Table legend: (Time is in decaauts)
 A = Elapsed time spent in this place.
 B = Non-inter-level travel time spent in this place.
 C = Inter-level travel time spent in this place.
 D = Time resting spent in this place.
 E = Time spent auto-exploring this place.
 F = Levels seen in this place.
 G = Mean time per level.
                   A        B        C        D        E       F      G
               +--------+--------+--------+--------+--------+-----+--------+
         Total |  26518 |  24944 |   1574 |   4948 |  14322 |  24 | 1104.9 |
       Dungeon |  15919 |  14848 |   1071 |   2336 |   8740 |  15 | 1061.3 |
        Temple |     89 |     89 |      0 |      0 |     76 |   1 |   89.0 |
          Lair |   6968 |   6543 |    425 |   1330 |   3967 |   5 | 1393.6 |
   Spider Nest |   2625 |   2549 |     76 |    794 |   1388 |   1 | 2625.0 |
       Ossuary |    350 |    350 |      0 |    166 |     57 |   1 |  350.0 |
      Ice Cave |    563 |    563 |      0 |    322 |     94 |   1 |  563.0 |
               +--------+--------+--------+--------+--------+-----+--------+

Top non-repeatable levels by time:
    D:11: 3143 daAuts
Spider:1: 2625 daAuts
    D:10: 1943 daAuts
     D:7: 1821 daAuts
  Lair:5: 1762 daAuts
  Lair:4: 1565 daAuts
  Lair:1: 1447 daAuts
     D:9: 1385 daAuts
     D:6: 1333 daAuts
  Lair:3: 1160 daAuts
     D:1: 1131 daAuts
  Lair:2: 1033 daAuts
     D:5: 1007 daAuts
     D:8: 935 daAuts
     D:4: 861 daAuts
